NYP
WEST VIRGINIA BLACK BEARS @ SALEM-KEIZER VOLCANOES
05/27/2044
 
TOP OF THE 1ST
West Virginia Black Bears batting - Pitching for Salem-Keizer Volcanoes : RHP Tim Welshman
Pitching: RHP Tim Welshman
Batting: LHB Joe Hoover 0-0: Ball
1-0: Ball
2-0: Ball
3-0: Called Strike
3-1: Base on Balls
Batting: LHB Gregg Kellerman 0-0: Fielders Choice at 2nd, 5-6 (Groundball, 56, EV 85.0 MPH)
Batting: RHB Chris Beckham 0-0: SINGLE (Groundball, 56D, EV 96.9 MPH)
Gregg Kellerman to second
Batting: SHB Mike Corley 0-0: Swinging Strike
0-1: Swinging Strike
0-2: Foul Ball, location: 2F
0-2: Ball
1-2: Foul Ball, location: 2F
1-2: Strikes out swinging
Batting: LHB Brandon Sarni 0-0: Called Strike
0-1: Foul Ball, location: 2F
0-2: Strikes out swinging
Top of the 1st over - 0 runs, 1 hit, 0 errors, 2 left on base; West Virginia 0 - Salem-Keizer 0
BOTTOM OF THE 1ST
Salem-Keizer Volcanoes batting - Pitching for West Virginia Black Bears : RHP Ian Toney
Pitching: RHP Ian Toney
Batting: RHB Pedro Quezada 0-0: Ball
1-0: Called Strike
1-1: Swinging Strike
1-2: Strikes out swinging
Batting: RHB Bill Defazio 0-0: Called Strike
0-1: Foul Ball, location: 2F
0-2: Ball
1-2: Fly out, F1 (Line Drive, P, EV 61.9 MPH)
Batting: LHB Pat Aviles 0-0: Foul Ball, location: 2F
0-1: Fly out, F7 (Flyball, 78S, EV 90.0 MPH)
Bottom of the 1st over - 0 runs, 0 hits, 0 errors, 0 left on base; West Virginia 0 - Salem-Keizer 0
TOP OF THE 2ND
West Virginia Black Bears batting - Pitching for Salem-Keizer Volcanoes : RHP Tim Welshman
Batting: RHB John Goynes 0-0: Called Strike
0-1: Ball
1-1: Ball
2-1: Swinging Strike
2-2: Strikes out swinging
Batting: RHB Freddy Quintero 0-0: Ball
1-0: Ball
2-0: Called Strike
2-1: Foul Ball, location: 2F
2-2: Foul Ball, location: 2F
2-2: Ball
3-2: Strikes out swinging
Batting: LHB Alan Pumphrey 0-0: Ground out 4-3 (Groundball, 4M, EV 107.5 MPH)
Top of the 2nd over - 0 runs, 0 hits, 0 errors, 0 left on base; West Virginia 0 - Salem-Keizer 0
BOTTOM OF THE 2ND
Salem-Keizer Volcanoes batting - Pitching for West Virginia Black Bears : RHP Ian Toney
Batting: RHB Davey Beeson 0-0: Ball
1-0: Called Strike
1-1: Foul Ball, location: 2F
1-2: Ball
2-2: SINGLE (Popup, 4D, EV 63.1 MPH)
Batting: RHB Justin Baldwin 0-0: Ball
1-0: Foul Ball, location: 2F
1-1: Ball
2-1: Ball
3-1: Base on Balls
Davey Beeson to second
Batting: LHB Gil Caraveo 0-0: Called Strike
0-1: SINGLE (Groundball, 4MD, EV 95.0 MPH)
Davey Beeson to third
Justin Baldwin to second
Batting: RHB Justin Layton 0-0: Called Strike
0-1: Called Strike
0-2: Strikes out swinging
Batting: RHB Dinand Brouwer 0-0: Grounds into double play, 5-4-3 (Groundball, 56, EV 108.1 MPH)
Bottom of the 2nd over - 0 runs, 2 hits, 0 errors, 2 left on base; West Virginia 0 - Salem-Keizer 0
TOP OF THE 3RD
West Virginia Black Bears batting - Pitching for Salem-Keizer Volcanoes : RHP Tim Welshman
Batting: RHB Steve Dennis 0-0: SINGLE (Groundball, 4MD, EV 108.8 MPH)
Batting: LHB Joe Hoover 0-0: Ball
1-0: Called Strike
1-1: Ball
2-1: Foul Ball, location: 2F
2-2: Strikes out swinging
Batting: LHB Gregg Kellerman 0-0: Ball
1-0: Called Strike
1-1: Ball
2-1: Called Strike
2-2: Foul Ball, location: 2F
2-2: Foul Ball, location: 2F
2-2: Ball
3-2: Strikes out swinging
Batting: RHB Chris Beckham 0-0: Ball
1-0: DOUBLE (Flyball, 8RXD, EV 94.4 MPH)
Steve Dennis to third
Batting: SHB Mike Corley 0-0: Ball
1-0: TRIPLE (Line Drive, 7LD, EV 107.5 MPH)
Steve Dennis scores
Chris Beckham scores
Batting: LHB Brandon Sarni 0-0: Ball
1-0: Foul Ball, location: 2F
1-1: Ball
2-1: Ball
3-1: Foul Ball, location: 2F
3-2: Foul Ball, location: 2F
3-2: Reached via error on a dropped throw from 1B, E1 (Groundball, 34, EV 86.3 MPH)
Mike Corley scores
Batting: RHB John Goynes 0-0: Ball
1-0: Called Strike
1-1: Foul Ball, location: 2F
1-2: SINGLE (Groundball, 34D, EV 104.4 MPH)
Brandon Sarni to second
Runner from 2nd tries for 3rd, SAFE, throw by RF made to third
Batting: RHB Freddy Quintero 0-0: Ball
1-0: DOUBLE (Line Drive, 9LM, EV 104.4 MPH)
Brandon Sarni scores
John Goynes to third
Batting: LHB Alan Pumphrey 0-0: Called Strike
0-1: Ball
1-1: Swinging Strike
1-2: Strikes out swinging
Top of the 3rd over - 4 runs, 5 hits, 1 error, 2 left on base; West Virginia 4 - Salem-Keizer 0
BOTTOM OF THE 3RD
Salem-Keizer Volcanoes batting - Pitching for West Virginia Black Bears : RHP Ian Toney
Batting: RHB Ryan Johnston 0-0: Foul Ball, location: 2F
0-1: Ball
1-1: Swinging Strike
1-2: Strikes out swinging
Batting: RHB Pedro Quezada 0-0: Foul Ball, location: 2F
0-1: Fly out, F8 (Flyball, 8RM, EV 91.3 MPH)
Batting: RHB Bill Defazio 0-0: Ball
1-0: Foul Ball, location: 2F
1-1: Ground out U3 (Groundball, 3, EV 84.4 MPH)
Bottom of the 3rd over - 0 runs, 0 hits, 0 errors, 0 left on base; West Virginia 4 - Salem-Keizer 0
TOP OF THE 4TH
West Virginia Black Bears batting - Pitching for Salem-Keizer Volcanoes : RHP Tim Welshman
Batting: RHB Steve Dennis 0-0: Ball
1-0: Ball
2-0: Called Strike
2-1: Called Strike
2-2: Ball
3-2: Base on Balls
Batting: LHB Joe Hoover 0-0: Ball
1-0: Ball
2-0: Swinging Strike
2-1: Foul Ball, location: 2F
2-2: Strikes out swinging
Pitching: RHP Chase Joy
Batting: LHB Gregg Kellerman 0-0: Called Strike
0-1: Swinging Strike
0-2: Foul Ball, location: 2F
0-2: Ball
1-2: Strikes out swinging
Batting: RHB Chris Beckham 0-0: Called Strike
0-1: DOUBLE (Groundball, 5L, EV 102.5 MPH)
Steve Dennis to third
Runner from 3rd tries for Home, SAFE, throw by LF to trailing runner, SAFE at third!
Batting: SHB Mike Corley 0-0: Called Strike
0-1: Ball
1-1: Swinging Strike
1-2: Foul Ball, location: 2F
1-2: Ball
2-2: Strikes out looking
Top of the 4th over - 1 run, 1 hit, 0 errors, 1 left on base; West Virginia 5 - Salem-Keizer 0
BOTTOM OF THE 4TH
Salem-Keizer Volcanoes batting - Pitching for West Virginia Black Bears : RHP Ian Toney
Batting: LHB Pat Aviles 0-0: Hit by Pitch
Batting: RHB Davey Beeson 0-0: Ball
1-0: Foul Ball, location: 2F
1-1: Foul Ball, location: 2F
1-2: Ball
2-2: Foul Ball, location: 2F
2-2: Grounds into double play, 6-4-3 (Groundball, 6, EV 100.6 MPH)
Batting: RHB Justin Baldwin 0-0: Called Strike
0-1: Foul Ball, location: 2F
0-2: SINGLE (Line Drive, 34D, EV 95.6 MPH)
Batting: LHB Gil Caraveo 0-0: Ball
1-0: Ball
2-0: Called Strike
2-1: Ball
3-1: Foul Ball, location: 2F
Balk!
Justin Baldwin to second
3-2: Foul Ball, location: 2F
3-2: Strikes out swinging
Bottom of the 4th over - 0 runs, 1 hit, 0 errors, 1 left on base; West Virginia 5 - Salem-Keizer 0
TOP OF THE 5TH
West Virginia Black Bears batting - Pitching for Salem-Keizer Volcanoes : RHP Chase Joy
Batting: LHB Brandon Sarni 0-0: Hit by Pitch
Batting: RHB John Goynes 0-0: Called Strike
0-1: Ball
1-1: Called Strike
1-2: Strikes out looking
Batting: RHB Freddy Quintero 0-0: Called Strike
0-1: Called Strike
0-2: SINGLE (Line Drive, 89M, EV 108.1 MPH)
Brandon Sarni to second
Batting: LHB Alan Pumphrey 0-0: Called Strike
0-1: SINGLE (Flyball, 3D, EV 97.5 MPH)
Brandon Sarni to third
Freddy Quintero to second
Batting: RHB Steve Dennis 0-0: Grounds into double play, 6-4-3 (Groundball, 6, EV 79.4 MPH)
Top of the 5th over - 0 runs, 2 hits, 0 errors, 2 left on base; West Virginia 5 - Salem-Keizer 0
BOTTOM OF THE 5TH
Salem-Keizer Volcanoes batting - Pitching for West Virginia Black Bears : RHP Ian Toney
Batting: RHB Justin Layton 0-0: Ball
1-0: Called Strike
1-1: Called Strike
1-2: Ball
2-2: Ball
3-2: Foul Ball, location: 2F
3-2: Base on Balls
Batting: RHB Dinand Brouwer 0-0: Ball
1-0: Called Strike
Justin Layton steals 2nd base
1-1: Called Strike
1-2: Ground out 4-3 (Groundball, 4, EV 100.6 MPH)
Justin Layton to third
Batting: RHB Ryan Johnston 0-0: Ball
1-0: Foul Ball, location: 2F
1-1: Called Strike
1-2: TRIPLE (Flyball, 9D, EV 108.1 MPH)
Justin Layton scores
Batting: RHB Pedro Quezada 0-0: Swinging Strike
0-1: Ball
1-1: Ball
2-1: Called Strike
2-2: Foul Ball, location: 2F
2-2: Foul Ball, location: 2F
2-2: Foul Ball, location: 2F
2-2: Strikes out swinging
Batting: RHB Bill Defazio 0-0: Swinging Strike
0-1: Foul Ball, location: 2F
0-2: Ball
1-2: Foul Ball, location: 2F
1-2: Strikes out swinging
Bottom of the 5th over - 1 run, 1 hit, 0 errors, 1 left on base; West Virginia 5 - Salem-Keizer 1
TOP OF THE 6TH
West Virginia Black Bears batting - Pitching for Salem-Keizer Volcanoes : RHP Chase Joy
Pitching: RHP Lorenzo de Jesus
Batting: LHB Joe Hoover 0-0: Called Strike
0-1: Foul Ball, location: 2F
0-2: Foul Ball, location: 2F
0-2: Foul Ball, location: 2F
0-2: Strikes out swinging
Batting: LHB Gregg Kellerman 0-0: Foul Ball, location: 2F
0-1: Foul Ball, location: 2F
0-2: Strikes out swinging
Batting: RHB Chris Beckham 0-0: Called Strike
0-1: Ball
1-1: Called Strike
1-2: Ball
2-2: Strikes out swinging
Top of the 6th over - 0 runs, 0 hits, 0 errors, 0 left on base; West Virginia 5 - Salem-Keizer 1
BOTTOM OF THE 6TH
Salem-Keizer Volcanoes batting - Pitching for West Virginia Black Bears : RHP Ian Toney
Batting: LHB Pat Aviles 0-0: Called Strike
0-1: Foul Ball, location: 2F
0-2: Strikes out swinging
Batting: RHB Davey Beeson 0-0: Called Strike
0-1: Ground out 4-3 (Groundball, 4, EV 103.8 MPH)
Batting: RHB Justin Baldwin 0-0: Ball
1-0: Ground out U3 (Groundball, 34S, EV 66.3 MPH)
Bottom of the 6th over - 0 runs, 0 hits, 0 errors, 0 left on base; West Virginia 5 - Salem-Keizer 1
TOP OF THE 7TH
West Virginia Black Bears batting - Pitching for Salem-Keizer Volcanoes : RHP Lorenzo de Jesus
Pitching: RHP Vicente Burger
Batting: SHB Mike Corley 0-0: Called Strike
0-1: Called Strike
0-2: Ball
1-2: Strikes out swinging
DELAY Rain delay of 45 minutes in the 7th inning.
Batting: LHB Brandon Sarni 0-0: Called Strike
0-1: Ball
1-1: Foul Ball, location: 2F
1-2: Strikes out swinging
Batting: RHB John Goynes 0-0: Ball
1-0: Called Strike
1-1: Ball
2-1: Ball
3-1: Base on Balls
Batting: RHB Freddy Quintero 0-0: Foul Ball, location: 2F
0-1: Ball
1-1: Called Strike
1-2: Foul Ball, location: 2F
1-2: Strikes out looking
Top of the 7th over - 0 runs, 0 hits, 0 errors, 1 left on base; West Virginia 5 - Salem-Keizer 1
BOTTOM OF THE 7TH
Salem-Keizer Volcanoes batting - Pitching for West Virginia Black Bears : RHP Ian Toney
Pitching: RHP Eldon Darrah
Now at 2B: Pleun Smit
Now at SS: Brandon Sarni
Now in RF: Steve Dennis
Batting: LHB Gil Caraveo 0-0: Foul Ball, location: 2F
0-1: SINGLE (Groundball, 34S, EV 73.1 MPH) (infield hit)
Batting: RHB Justin Layton 0-0: Called Strike
Gil Caraveo steals 2nd, throwing error, E2
Gil Caraveo to third
0-1: Ground out U3 (Groundball, 34, EV 101.3 MPH)
Gil Caraveo scores
Batting: RHB Dinand Brouwer 0-0: SINGLE (Flyball, 89M, EV 93.1 MPH)
Batting: RHB Ryan Johnston 0-0: Ball
1-0: Called Strike
1-1: Called Strike
1-2: Fly out, F8 (Flyball, 8LD, EV 101.3 MPH)
Batting: RHB Pedro Quezada 0-0: Ball
1-0: Hit by Pitch
Dinand Brouwer to second
Batting: RHB Bill Defazio 0-0: Called Strike
0-1: Ball
1-1: Swinging Strike
1-2: Ball
2-2: Foul Ball, location: 2F
2-2: Ball
3-2: Ground out 6-3 (Groundball, 56D, EV 78.1 MPH)
Bottom of the 7th over - 1 run, 2 hits, 1 error, 2 left on base; West Virginia 5 - Salem-Keizer 2
TOP OF THE 8TH
West Virginia Black Bears batting - Pitching for Salem-Keizer Volcanoes : RHP Vicente Burger
Pitching: RHP Lorenzo Merjil
Batting: LHB Alan Pumphrey 0-0: Called Strike
0-1: Ball
1-1: Ground out 4-3 (Groundball, 4, EV 84.4 MPH)
Batting: RHB Steve Dennis 0-0: Ball
1-0: Called Strike
1-1: Ball
2-1: Foul Ball, location: 2F
2-2: Strikes out swinging
Batting: LHB Joe Hoover 0-0: Swinging Strike
0-1: Swinging Strike
0-2: Strikes out swinging
Top of the 8th over - 0 runs, 0 hits, 0 errors, 0 left on base; West Virginia 5 - Salem-Keizer 2
BOTTOM OF THE 8TH
Salem-Keizer Volcanoes batting - Pitching for West Virginia Black Bears : RHP Eldon Darrah
Pitching: RHP Mike West
Batting: LHB Pat Aviles 0-0: Called Strike
0-1: Ball
1-1: Foul Ball, location: 2F
1-2: Strikes out swinging
Batting: RHB Davey Beeson 0-0: Fly out, F7 (Flyball, 78XD, EV 90.6 MPH)
Batting: RHB Justin Baldwin 0-0: Ball
1-0: Ball
2-0: Ball
3-0: Called Strike
3-1: Swinging Strike
3-2: Base on Balls
Batting: LHB Gil Caraveo 0-0: Fly out, F8 (Flyball, 89D, EV 75.6 MPH)
Bottom of the 8th over - 0 runs, 0 hits, 0 errors, 1 left on base; West Virginia 5 - Salem-Keizer 2
TOP OF THE 9TH
West Virginia Black Bears batting - Pitching for Salem-Keizer Volcanoes : RHP Lorenzo Merjil
Batting: LHB Gregg Kellerman 0-0: Called Strike
0-1: Swinging Strike
0-2: Strikes out swinging
Batting: RHB Chris Beckham 0-0: Called Strike
0-1: Called Strike
0-2: Ball
1-2: Ball
2-2: Strikes out looking
Batting: RHB Pleun Smit 0-0: Ball
1-0: Ball
2-0: Ground out 3-1 (Groundball, 34S, EV 83.8 MPH)
Top of the 9th over - 0 runs, 0 hits, 0 errors, 0 left on base; West Virginia 5 - Salem-Keizer 2
BOTTOM OF THE 9TH
Salem-Keizer Volcanoes batting - Pitching for West Virginia Black Bears : RHP Mike West
Pitching: RHP Joel Olausson
Batting: RHB Justin Layton 0-0: Ball
1-0: Called Strike
1-1: Ball
2-1: SINGLE (Line Drive, 7S, EV 93.1 MPH)
Pinch Hitting: LHB Ryan Anderson 0-0: Ball
1-0: Ball
Wild Pitch!
Justin Layton to second
2-0: Called Strike
2-1: Fly out, F3 (Popup, 3S, EV 75.6 MPH)
Batting: RHB Ryan Johnston 0-0: Swinging Strike
0-1: Ball
1-1: Ball
2-1: Ball
3-1: Base on Balls
Batting: RHB Pedro Quezada 0-0: Foul Ball, location: 2F
0-1: Ball
1-1: Fielders Choice at 2nd, 3-6 (Groundball, 3, EV 87.5 MPH)
Justin Layton to third
Batting: RHB Bill Defazio 0-0: Ball
1-0: Foul Ball, location: 2F
1-1: Ball
2-1: SINGLE (Flyball, 6MD, EV 91.3 MPH)
Justin Layton scores
Pedro Quezada to second
Batting: LHB Pat Aviles 0-0: Called Strike
0-1: Called Strike
0-2: Fly out, F8 (Flyball, 8RD, EV 93.8 MPH)
Bottom of the 9th over - 1 run, 2 hits, 0 errors, 2 left on base; West Virginia 5 - Salem-Keizer 3
Thursday, March 31st , 2022 - OOTP Baseball 22.12 Build 89